 Dungeon Crawl Stone Soup version 0.31-a0-845-g9abc20d24f (webtiles) character file.

Game seed: 9364386505103799775

79 Kurtz the Chopper (level 4, -5/31 HPs)
             Began as an Octopode Fighter on Oct 1, 2023.
             Slain by a goblin
             ... wielding a +0 club
             ... led by Robin
              (7 damage)
             ... on level 3 of the Dungeon.
             The game lasted 00:01:10 (1852 turns).

Kurtz the Chopper (Octopode Fighter)                Turns: 1852, Time: 00:01:11

Health: -5/31      AC:  1    Str: 15    XL:     4   Next: 38%
Magic:  4/4        EV: 13    Int: 16    God:
Gold:   111        SH:  4    Dex: 13    Spells: 3/3 levels left

rFire   . . .        a - +0 war axe
rCold   . . .        b - +0 buckler
rNeg    + . .        (helmet restricted)
rPois   .            d - amulet of faith
rElec   .            g - +6 ring of intelligence
rCorr   .            j - ring of positive energy
SInv    .            (no ring)
Will    .....        (no ring)
Stlth   ++           (no ring)
HPRegen 0.25/turn    (no ring)
MPRegen 0.09/turn    (no ring)
                     (no ring)

%: faith
@: no status effects
A: almost no armour, amphibious, 8 rings, camouflage 1, gelatinous body 1,
(nimble swimmer 1), tentacles
a: no special abilities


You were on level 3 of the Dungeon.
You visited 1 branch of the dungeon, and saw 3 of its levels.

You collected 111 gold pieces.

Inventory:

Hand Weapons
 a - a +0 war axe (weapon)
Missiles
 h - 5 poisoned darts
Armour
 b - a +0 buckler (worn)
Jewellery
 d - an amulet of faith (around mantle)
 g - a +6 ring of intelligence (left tentacle)
 i - a ring of fire
 j - a ring of positive energy (right tentacle)
Scrolls
 e - 2 scrolls of amnesia {unknown}
 m - a scroll of torment {unknown}
 n - a scroll of vulnerability {unknown}
 o - a scroll of blinking {unknown}
 q - a scroll of enchant armour {unknown}
Potions
 c - 2 potions of might
 f - a potion of curing {unknown}
 k - 2 potions of resistance {unknown}
 l - a potion of enlightenment {unknown}
 p - a potion of brilliance {unknown}


   Skills:
 - Level 3.0 Fighting
 * Level 4.5 Axes
 - Level 3.0 Dodging
 - Level 3.0 Shields


You had 3 spell levels left.
You didn't know any spells.
Your spell library was empty.

Dungeon Overview and Level Annotations

Branches:
Dungeon (3/15)

Altars:

Shops:
D:2 *

Annotations:
D:3 Robin


Innate Abilities, Weirdness & Mutations

You cannot wear most types of armour.
You are amphibious.
You can wear up to eight rings at the same time.
Your skin changes colour to match your surroundings (Stealth+).
Your rubbery body absorbs attacks. (AC +1, EV +1)
((You are camouflaged when in or above water. (Stealth+)))
You have tentacles for arms and can constrict up to eight enemies at once.


Message History

You now have 111 gold pieces (gained 10).
A goblin and 2 hobgoblins come into view.
Robin and a hobgoblin come into view.
There are monsters nearby!
Robin shouts!
The hobgoblin shouts! x2; You hear a shout! x4
A goblin comes into view. It is wielding a +0 club.
A goblin comes into view. It is wielding a +0 dagger. x2
There are monsters nearby!
A goblin comes into view. It is wielding a +0 club.
Robin says, "Bow before me, strongest of all the hobgoblins!"
A goblin comes into view. It is wielding a +0 dagger.
There are monsters nearby! 2 hobgoblins come into view.
The goblin shouts! x2
Robin roars a battlecry!
The goblins go into a battle-frenzy!
The hobgoblin completely misses you.
The hobgoblin moves out of view.
The hobgoblin shouts!
There are monsters nearby!
You hit the hobgoblin.
You kill the hobgoblin!
Robin throws the goblin at you! The goblin hits you with a +0 dagger.
The hobgoblin barely misses you. Robin throws the goblin at you!
The goblin hits you with a +0 dagger. The goblin hits you with a +0 club.
You are too injured to fight recklessly!
Unknown command.
You are too injured to fight recklessly!
Unknown command.
The hobgoblin attacks as it pursues you!
The hobgoblin barely misses you. Robin throws the goblin at you!
The goblin misses you.
You slash the goblin!
You kill the goblin!
You barely miss the goblin. You hit the hobgoblin. You closely miss the goblin.
Robin throws the goblin at you! The goblin hits you with a +0 dagger.
* * * LOW HITPOINT WARNING * * *
The hobgoblin closely misses you. The goblin hits you with a +0 club.
* * * LOW HITPOINT WARNING * * *
The goblin hits you with a +0 club!
You die...

###....# # ...
###.#####.#.##.
#.........#....
#.##.#########.
#.##...........
#########.........[....
#.....g....+########'..
##...ggg....#........#..
...ggggg@g...#.+####'.#..
....#######..# #....#.#..
... ##.# #.##.#.#.. . .#
#.##.#.#.. .# #....#.#..
.#.+####'.#[.
#........#.. +########'.#
[........#


You could see Robin, 4 hobgoblins and 5 goblins.

Vanquished Creatures
  2 adders (D:2)
  2 dart slugs
  3 endoplasms
  A giant cockroach (D:1)
  7 goblins
  6 hobgoblins
  3 jackals (D:1)
  5 kobolds
  4 quokkas (D:2)
  5 ball pythons
  6 bats
  5 frilled lizards
  A rat (D:1)
50 creatures vanquished.

Notes
Turn   | Place    | Note
-------+----------+-------------------------------------------
     0 | D:1      | Kurtz the Octopode Fighter began the quest for the Orb.
     0 | D:1      | Reached XP level 1. HP: 16/16 MP: 1/1
    51 | D:1      | Reached XP level 2. HP: 14/21 MP: 2/2
   188 | D:1      | Reached skill level 3 in Axes
   287 | D:1      | Reached XP level 3. HP: 26/26 MP: 3/3
   535 | D:1      | Found a faded altar of an unknown god.
  1181 | D:2      | Found Taraupn's Assorted Antiques.
  1256 | D:2      | Reached skill level 4 in Axes
  1300 | D:2      | Reached XP level 4. HP: 31/31 MP: 4/4
  1846 | D:3      | Noticed Robin
  1852 | D:3      | Slain by a goblin

Illustrated notes

Levels and vault maps discovered:
D:1:      lemuel_arrival_behind_the_door_small, layout_basic,
          shapermc_ecumenical_altar_mp_highgroup
D:2:      layout_loops_corners, serial_shops, nicolae_shop_crystal,
          kennysheep_flooded_box
D:3:      layout_basic, minmay_crystal_room, minivault_11, uniq_robin

Skill      XL: |  1  2  3 |
---------------+----------+-----
Axes           | 3 4 |  4.5
Fighting       | |  3.0
Dodging        | |  3.0
Shields        | |  3.0

Action                     |  1- 3 |  4- 6 || total
---------------------------+-------+-------++-------
  Melee: War axe           |    62 |    19 ||    81
         Constrict         |    22 |     6 ||    28
         Tentacles         |    14 |     4 ||    18
         Punch             |     1 |       ||     1
   Stab: Sleeping          |     7 |     1 ||     8
 Armour: Skin              |    29 |    17 ||    46
  Dodge: Dodged            |    34 |    12 ||    46
  Block: Buckler           |     7 |       ||     7

Table legend: (Time is in decaauts)
 A = Elapsed time spent in this place.
 B = Non-inter-level travel time spent in this place.
 C = Inter-level travel time spent in this place.
 D = Time resting spent in this place.
 E = Time spent auto-exploring this place.
 F = Levels seen in this place.
 G = Mean time per level.
                   A        B        C        D        E       F      G
               +--------+--------+--------+--------+--------+-----+--------+
         Total |   1880 |   1853 |     27 |    138 |   1410 |   3 |  626.7 |
       Dungeon |   1880 |   1853 |     27 |    138 |   1410 |   3 |  626.7 |
               +--------+--------+--------+--------+--------+-----+--------+

Top non-repeatable levels by time:
     D:1: 870 daAuts
     D:2: 833 daAuts
     D:3: 176 daAuts
